 Dungeon Crawl Stone Soup version 0.26-a0-259-g1effd001a9 (webtiles) character file.

Game seed: 10635801453814064263

128 sanka the Slinger (level 5, -3/34 HPs)
             Began as a Halfling Hunter on July 16, 2020.
             Slain by an orc wizard
             ... wielding a +0 dagger
              (4 damage)
             ... on level 3 of the Dungeon.
             The game lasted 00:05:03 (1770 turns).

sanka the Slinger (Halfling Hunter)                 Turns: 1770, Time: 00:05:04

Health: -3/34      AC:  3    Str: 13    XL:     5   Next: 33%
Magic:  5/5        EV: 15    Int:  9    God:
Gold:   153        SH:  0    Dex: 16    Spells: 4/4 levels left

rFire    . . .     SeeInvis .   a - +1 hunting sling
rCold    . . .     Faith    .   (shield restricted)
rNeg     . . .     Spirit   .   c - +0 leather armour
rPois    .         Reflect  .   (no helmet)
rElec    .         Harm     .   (no cloak)
rCorr    .                      (no gloves)
MR       .....                  (no boots)
Stlth    ++........             (no amulet)
HPRegen  0.11/turn              (no ring)
MPRegen  0.09/turn              (no ring)

@: no status effects
A: small, mutation resistance 1
a: no special abilities


You were on level 3 of the Dungeon.
You were not hungry.

You visited 1 branch of the dungeon, and saw 3 of its levels.

You collected 153 gold pieces.


Innate Abilities, Weirdness & Mutations

You are small and have problems with some larger weapons.
You are somewhat resistant to further mutation.


   Skills:
 - Level 2.0 Fighting
 + Level 8.2 Slings
 - Level 3.0 Dodging
 - Level 2.0 Stealth


You had 4 spell levels left.
You didn't know any spells.
Your spell library contained the following spells:

 Spells                   Type           Power        Failure   Level
 Corona                   Hex            #......      45%         1
 Ensorcelled Hibernation  Hex/Ice        #.....       61%         2
 Confusing Touch          Hex            #.......     83%         3
 Dazzling Flash           Conj/Hex       #.....       83%         3
 Tukima's Dance           Hex            #.......     83%         3

Inventory:

Hand Weapons
 a - a +1 hunting sling (weapon)
 b - a +0 short sword
 s - a +0 war axe
Missiles
 d - 53 sling bullets (quivered)
 j - 4 stones
Armour
 c - a +0 leather armour (worn)
Wands
 r - a wand of flame (25)
Scrolls
 e - a scroll of remove curse {unknown}
 h - a scroll of immolation {unknown}
 k - 2 scrolls of amnesia {unknown}
 l - a scroll of magic mapping {unknown}
 n - a scroll of identify {unknown}
 o - a scroll of fear {unknown}
 q - 2 scrolls of blinking {unknown}
Potions
 g - a potion of berserk rage {unknown}
 i - 2 potions of curing {unknown}
 m - a potion of lignification {unknown}
 p - a potion of cancellation {unknown}
 t - a potion of stabbing {unknown}
 u - a potion of magic {unknown}
 v - a potion of flight {unknown}
Comestibles
 f - a ration

Dungeon Overview and Level Annotations

Branches:
Dungeon (3/15)

Altars:
Nemelex Xobeh

▒.▒▒▒..▒
▒.▒▒...▒
▒.▒▒.▒.▒
▒.▒▒.▒.▒ .
▒...▒..▒ ▒.
▒▒.▒▒▒.▒ .o
▒▒.▒.▒▒ o▒
▒▒▒▒.▒▒▒▒ (▒
▒....po(▒ .▒
▒.▒▒.▒▒.▒▒.▒ ▒
▒.▒▒(((.▒.▒▒.
▒.....(......▒
▒▒▒▒†.(▒▒▒▒▒▒▒
▒.▒▒▒ ..▒ ▒▒▒▒


You could see an orc wizard (fast).


Message History

You shoot a sling bullet.
The sling bullet closely misses the orc wizard.
The orc wizard hits you but does no damage.
Firing (i - inventory. (/) - cycle)
d - 57 sling bullets (quivered)
Aim: an orc wizard, wielding a +0 dagger and wearing a +0 robe (moderately wounded, fast)
You shoot a sling bullet.
The sling bullet barely misses the orc wizard.
The orc wizard hits you with a +0 dagger.
* * * LOW HITPOINT WARNING * * *
Firing (i - inventory. (/) - cycle)
d - 56 sling bullets (quivered)
Aim: an orc wizard, wielding a +0 dagger and wearing a +0 robe (moderately wounded, fast)
You shoot a sling bullet. The sling bullet hits the orc wizard.
The orc wizard is severely wounded.
The orc wizard barely misses you.
Firing (i - inventory. (/) - cycle)
d - 55 sling bullets (quivered)
Aim: an orc wizard, wielding a +0 dagger and wearing a +0 robe (severely wounded, fast)
You shoot a sling bullet. The sling bullet hits the orc wizard.
The orc wizard is severely wounded.
The orc wizard gestures at you while chanting.
The magic dart hits you!
* * * LOW HITPOINT WARNING * * *
The orc wizard misses you.
Firing (i - inventory. (/) - cycle)
d - 54 sling bullets (quivered)
Aim: an orc wizard, wielding a +0 dagger and wearing a +0 robe (severely wounded, fast)
You shoot a sling bullet.
The sling bullet closely misses the orc wizard.
The orc wizard hits you with a +0 dagger.
You die...

Action                   |  1- 3 |  4- 6 || total
-------------------------+-------+-------++-------
 Fire: Hunting sling     |    81 |    56 ||   137
  Eat: Ration            |     1 |       ||     1
Armor: Leather armour    |       |     1 ||     1
Dodge: Dodged            |    12 |    10 ||    22

Levels and vault maps discovered:
D:1:      nicolae_arrival_somewhat_less_tricky_arrival, layout_loops_ring,
          nemelex_xobeh_ov_fountains_minmay
D:2:      layout_basic
D:3:      layout_loops_cross, lightli_sewer_entry_pipes, kennysheep_crisscross,
          kennysheep_cross_bottleneck

Notes
Turn   | Place    | Note
-------+----------+-------------------------------------------
     0 | D:1      | sanka the Halfling Hunter began the quest for the Orb.
     0 | D:1      | Reached XP level 1. HP: 14/14 MP: 1/1
   259 | D:1      | Reached skill level 6 in Slings
   259 | D:1      | Reached XP level 2. HP: 19/19 MP: 2/2
   262 | D:1      | Reached skill level 2 in Fighting
   401 | D:1      | Found a sparkling altar of Nemelex Xobeh.
   816 | D:2      | Reached XP level 3. HP: 19/24 MP: 3/3
   834 | D:2      | Reached skill level 2 in Stealth
  1326 | D:3      | Reached skill level 3 in Dodging
  1412 | D:3      | Reached XP level 4. HP: 15/29 MP: 4/4
  1428 | D:3      | Reached skill level 7 in Slings
  1744 | D:3      | Reached XP level 5. HP: 33/34 MP: 5/5
  1763 | D:3      | Reached skill level 8 in Slings
  1769 | D:3      | HP: 1/34 [orc wizard/magic dart (10)]
  1770 | D:3      | Slain by an orc wizard

Vanquished Creatures
  An orc priest (D:3)
  3 gnolls (D:3)
  An adder (D:3)
  2 worms
  3 dart slugs
  A leopard gecko (D:1)
  6 orcs (D:3)
  6 giant cockroaches
  5 hobgoblins
  2 quokkas
  2 bats
  A frilled lizard (D:2)
  5 goblins
  4 kobolds
  2 rats
44 creatures vanquished.
